 Dungeon Crawl Stone Soup version 0.28.0-43-g3370ac3207 (webtiles) character file.

Game seed: 1182347334149274102

3008 H0rd4k the Thaumaturge (level 9, -7/47 HPs)
             Began as a Deep Elf Hedge Wizard on Mar 14, 2022.
             Mangled by a gnoll sergeant
             ... wielding a +4 spear of venom
              (11 damage)
             ... on level 8 of the Dungeon.
             The game lasted 00:13:11 (10594 turns).

H0rd4k the Thaumaturge (Deep Elf Hedge Wizard)     Turns: 10594, Time: 00:13:12

Health: -7/47      AC:  2    Str: 13    XL:     9   Next: 54%
Magic:  4/27       EV: 13    Int: 24    God:
Gold:   282        SH:  0    Dex: 14    Spells: 23/32 levels left

rFire   . . .      SeeInvis .   y - staff of air
rCold   . . .      Faith    .   (no shield)
rNeg    . . .      Spirit   .   b - +0 robe
rPois   .          Reflect  .   c - +0 hat
rElec   +          Harm     .   (no cloak)
rCorr   .          Rampage  .   (no gloves)
Will    .....                   (no boots)
Stlth   ++........              (no amulet)
HPRegen 0.15/turn               j - +6 ring of strength
MPRegen 0.20/turn               f - ring of flight

@: lethally poisoned (-7 -> -25), flying
A: no striking features
a: no special abilities


You were on level 8 of the Dungeon.
You visited 2 branches of the dungeon, and saw 9 of its levels.

You collected 282 gold pieces.

Inventory:

Hand Weapons
 A - a +4 short sword
Armour
 b - a +0 robe (worn)
 c - a +0 hat (worn)
Magical Staves
 y - a staff of air (weapon)
Jewellery
 f - a ring of flight (right hand)
 j - a +6 ring of strength (left hand)
Wands
 i - a wand of mindburst (13)
 k - a wand of digging (11)
 x - a wand of polymorph (6)
Scrolls
 d - 5 scrolls of identify {unknown}
 l - a scroll of teleportation {unknown}
 m - a scroll of immolation {unknown}
 n - 2 scrolls of noise {unknown}
 o - a scroll of vulnerability {unknown}
 r - a scroll of enchant weapon {unknown}
 s - a scroll of summoning {unknown}
 v - a scroll of fog {unknown}
Potions
 e - a potion of resistance {unknown}
 g - a potion of might {unknown}
 h - 2 potions of attraction
 p - a potion of brilliance {unknown}
 q - a potion of cancellation {unknown}
 t - a potion of berserk rage {unknown}
 u - a potion of invisibility {unknown}
 w - a potion of magic {unknown}
 z - a potion of curing


   Skills:
 + Level 1.4 Fighting
 + Level 4.5 Dodging
 - Level 2.4 Stealth
 + Level 12.1 Spellcasting
 + Level 8.3 Conjurations
 + Level 1.1 Summonings
 + Level 3.0 Translocations
 + Level 3.7 Fire Magic
 + Level 1.8 Air Magic
 + Level 1.9 Poison Magic


You had 23 spell levels left.
You knew the following spells:

 Your Spells              Type           Power      Damage    Failure   Level
a - Magic Dart            Conj           100%       1d8       1%          1
b - Blink                 Tloc           56%        N/A       1%          2
c - Conjure Flame         Conj/Fire      43%        6-21      1%          3
d - Mephitic Cloud        Conj/Pois/Air  50%        N/A       2%          3

Your spell library contained the following spells:

 Spells                   Type           Power      Damage    Failure   Level
 Apportation              Tloc           56%        N/A       1%          1
 Summon Small Mammal      Summ           76%        N/A       2%          1
 Lesser Beckoning         Tloc           28%        N/A       3%          3
 Animate Skeleton         Necr           28%        N/A       4%          1
 Slow                     Hex            56%        N/A       4%          1
 Call Imp                 Summ           19%        N/A       4%          2
 Passage of Golubria      Tloc           28%        N/A       12%         4
 Manifold Assault         Tloc           28%        N/A       34%         5
 Silence                  Hex/Air        14%        N/A       63%         5
 Lehudib's Crystal Spear  Conj/Erth      17%        10d5      100%        8


Dungeon Overview and Level Annotations

Branches:
Dungeon (8/15)             Temple (1/1) D:5
   Lair: D:8-11

Altars:
Ashenzari
Cheibriados
Dithmenos
Fedhas
Hepliaklqana
Kikubaaqudgha
Makhleb
Nemelex Xobeh
Okawaru
Qazlal
Ru
Sif Muna
Trog
Uskayaw
Vehumet
Xom
Yredelemnul
Zin
The Shining One

Shops:
D:6 ?

Annotations:
D:3 exclusion: downstairs
D:4 Grinder
D:5 exclusion: 2 downstairs
D:7 exclusion: upstairs


Message History

Confirm with . or Enter, or press ? or * to list all spells.
The fire begins to smoulder!
The fire ignites!
Casting: Conjure Flame (safe; 1% risk of failure)
Confirm with . or Enter, or press ? or * to list all spells.
Aiming: Mephitic Cloud (dangerous; 2% risk of failure)
Press: ? - help, Shift-Dir - straight line, f - gnoll sergeant
Aim: a gnoll sergeant, wielding a +4 spear of venom and wearing a +0 ring mail (chance to affect: 81%)
You feel a surge of power!
The ball explodes into a vile cloud!
The stinking cloud engulfs the gnoll sergeant but does no damage.
The gnoll sergeant is engulfed in noxious fumes.
The gnoll sergeant is engulfed in blazing flames.
The gnoll sergeant hits you with a +4 spear of venom!
You are poisoned.
You are too injured to fight recklessly!
Casting: Mephitic Cloud (dangerous; 2% risk of failure)
Confirm with . or Enter, or press ? or * to list all spells.
Aiming: Magic Dart (safe; 1% risk of failure)
Press: ? - help, Shift-Dir - straight line, f/p - gnoll sergeant
Aim: a gnoll sergeant, wielding a +4 spear of venom and wearing a +0 ring mail (flame, moderately wounded, 100% to hit)
The magic dart hits the gnoll sergeant but does no damage.
The gnoll sergeant is moderately wounded.
You feel very sick.
The gnoll sergeant is engulfed in blazing flames.
The gnoll sergeant hits you with a +4 spear of venom!
* * * LOW HITPOINT WARNING * * *
You are more poisoned.
Unknown command.
Casting: Magic Dart (safe; 1% risk of failure)
Confirm with . or Enter, or press ? or * to list all spells.
Aiming: Magic Dart (safe; 1% risk of failure)
Press: ? - help, Shift-Dir - straight line, f/p - gnoll sergeant
Aim: a gnoll sergeant, wielding a +4 spear of venom and wearing a +0 ring mail (flame, heavily wounded, 100% to hit)
The magic dart hits the gnoll sergeant but does no damage.
The gnoll sergeant is heavily wounded.
* * * LOW HITPOINT WARNING * * *
You feel very sick.
The gnoll sergeant is engulfed in blazing flames.
The gnoll sergeant hits you with a +4 spear of venom!
You die...

#.....#####
. #.....#
#.....#
#.....#
#.....#
###.### #○#
#g# #@# #.#
#.# #.# #.#
#.# #.# #.#
#.########
######


You could see a gnoll sergeant.

Vanquished Creatures
  Pikel (D:6)
  Sigmund (D:5)
  A wyvern (D:7)
  Eustachio (D:4)
  A steam dragon (D:7)
  An ice beast (D:5)
  A necrophage (D:7)
  3 sky beasts
  An ogre (D:7)
  A centaur (D:8)
  A bullfrog (D:5)
  Blork the orc (D:6)
  3 scorpions (D:5)
  A water moccasin skeleton (D:5)
  5 killer bees
  3 centaur zombies
  3 hounds
  An orc priest (D:3)
  3 iguanas
  3 bullfrog skeletons
  6 orc wizards
  2 hound zombies (D:5)
  3 gnolls (D:3)
  4 adders
  3 shadow imps
  A white imp (D:5)
  An ufetubus (D:3)
  2 worms
  2 dart slugs
  10 orcs
  7 ball pythons
  4 endoplasms
  A giant cockroach (D:3)
  2 goblins
  5 hobgoblins
  3 jackals
  7 quokkas
  6 bats
  4 frilled lizards
  3 kobolds
  4 rats
116 creatures vanquished.

Vanquished Creatures (collateral kills)
  A killer bee (D:7)
1 creature vanquished.

Grand Total: 117 creatures vanquished

Notes
Turn   | Place    | Note
-------+----------+-------------------------------------------
     0 | D:1      | H0rd4k the Deep Elf Hedge Wizard began the quest for the
                  | Orb.
     0 | D:1      | Reached XP level 1. HP: 10/10 MP: 7/7
   116 | D:1      | Found a faded altar of an unknown god.
   197 | D:1      | Reached skill level 5 in Spellcasting
   301 | D:1      | Reached XP level 2. HP: 12/15 MP: 6/10
  1554 | D:1      | Reached XP level 3. HP: 19/19 MP: 6/12
  1557 | D:1      | Learned a level 2 spell: Blink
  1561 | D:1      | Learned a level 3 spell: Conjure Flame
  1565 | D:1      | Learned a level 3 spell: Mephitic Cloud
  2859 | D:3      | Reached XP level 4. HP: 24/24 MP: 8/13
  3091 | D:3      | Reached skill level 6 in Spellcasting
  3091 | D:3      | Reached skill level 1 in Fire Magic
  3283 | D:3      | Reached skill level 1 in Poison Magic
  3283 | D:3      | Reached XP level 5. HP: 28/28 MP: 9/15
  3808 | D:4      | Noticed a phantom
  4244 | D:3      | Reached skill level 1 in Air Magic
  5017 | D:4      | Noticed Grinder
  5103 | D:4      | Reached skill level 7 in Spellcasting
  5103 | D:4      | Reached XP level 6. HP: 32/32 MP: 6/18
  5440 | D:4      | Found a glowing silver altar of Zin.
  5564 | D:4      | Noticed Eustachio
  5578 | D:4      | Killed Eustachio
  5840 | D:5      | Entered Level 5 of the Dungeon
  5840 | D:5      | Found a hide-covered altar of Uskayaw.
  5840 | D:5      | Found a shimmering altar of Xom.
  5913 | D:5      | Found a radiant altar of Vehumet.
  5914 | D:5      | Found a broken altar of Ashenzari.
  5992 | D:5      | Reached XP level 7. HP: 36/36 MP: 11/20
  6331 | D:5      | Reached skill level 8 in Spellcasting
  6331 | D:5      | Reached skill level 5 in Conjurations
  6590 | D:5      | Found a staircase to the Ecumenical Temple.
  6602 | Temple   | Entered the Ecumenical Temple
  6846 | D:5      | Noticed Sigmund
  6861 | D:5      | Killed Sigmund
  7224 | D:5      | Reached XP level 8. HP: 42/42 MP: 13/22
  7440 | D:5      | Reached skill level 9 in Spellcasting
  7753 | D:6      | Found Jaenimeu's Magic Scroll Boutique.
  7814 | D:6      | Noticed Blork the orc
  8541 | D:7      | Reached skill level 10 in Spellcasting
  8641 | D:7      | Reached skill level 1 in Fighting
  8856 | D:7      | Found a stormy altar of Qazlal.
  9393 | D:6      | Reached XP level 9. HP: 47/47 MP: 19/25
  9416 | D:6      | Killed Blork the orc
  9479 | D:6      | Noticed Pikel
  9719 | D:7      | Reached skill level 11 in Spellcasting
  9890 | D:6      | Killed Pikel
 10520 | D:8      | Noticed a manticore
 10561 | D:8      | Reached skill level 12 in Spellcasting
 10594 | D:8      | Mangled by a gnoll sergeant

Illustrated notes

Levels and vault maps discovered:
D:1:      amcnicky_arrival_double_pillar, layout_rooms, basic_ecumenical_altar
D:2:      layout_basic
D:3:      layout_basic
D:4:      layout_rooms, mainiacjoe_overflow_surrounded_room, uniq_eustachio,
          uniq_grinder
D:5:      layout_basic, grunt_temple_overflow_open,
          minmay_temple_entry_offerings, nrook_loot_triangle, uniq_sigmund
D:6:      layout_rooms, nicolae_stop_n_shop_1, uniq_pikel, uniq_blork_the_orc
D:7:      layout_basic, nicolae_qazlal_general_emergency, serial_glass,
          glass_columns_b, glass_columns_a, glass_columns_a, glass_columns_b
D:8:      layout_loops_cross, kennysheep_mini_moat, minmay_joined_circles,
          uniq_erica
Temple:   cyrus_circular_temple

Skill      XL: |  1  2  3  4  5  6  7  8  9 |
---------------+----------------------------+-----
Spellcasting   | 5 6 7 8 10 12 | 12.1
Dodging        | 3 4 |  4.5
Conjurations   | 2 3 4 6 7 8 |  8.3
Fire Magic     | 1 2 3 |  3.7
Poison Magic   | 1 |  1.9
Air Magic      | 1 |  1.8
Fighting       | 1 |  1.4
Translocations | 2 3 |  3.0
Stealth        | |  2.4
Summonings     | |  1.1

Action                   |  1- 3 |  4- 6 |  7- 9 || total
-------------------------+-------+-------+-------++-------
Melee: Dagger            |     1 |       |       ||     1
 Cast: Magic Dart        |   145 |   132 |   182 ||   459
       Mephitic Cloud    |       |     8 |    13 ||    21
       Conjure Flame     |       |     9 |    27 ||    36
       Blink             |       |     1 |    13 ||    14
  Use: Potion            |       |       |     3 ||     3
       Scroll            |       |       |     1 ||     1
Armor: Robe              |     7 |     4 |    12 ||    23
Dodge: Dodged            |    23 |    41 |    63 ||   127
